 Dungeon Crawl Stone Soup version 0.31-a0-40-g1d5085d191 (webtiles) character file.

Game seed: 7516244846081637522

604 hwolsky the Gusty (level 7, 17/50 HPs) *EXPLORE*
             Began as a Yellow Draconian Air Elementalist on May 17, 2023.
             Quit the game on level 4 of the Dungeon.
             The game lasted 00:11:57 (4664 turns).

hwolsky the Gusty (DrAE)                            Turns: 4664, Time: 00:11:58

Health: 17/50      AC:  8    Str: 10    XL:     7   Next: 18%
Magic:  0/10       EV: 17    Int: 18    God:
Gold:   257        SH:  0    Dex: 11    Spells: 4/10 levels left

rFire   + . .        s - +3 dagger
rCold   . . .        (no shield)
rNeg    . . .        (body armour unavailable)
rPois   .            (helmet restricted)
rElec   .            (no cloak)
rCorr   +            o - +1 pair of gloves
SInv    .            (no boots)
Will    .....        (no amulet)
Stlth   ++           l - +5 ring of evasion
HPRegen 0.28/turn    p - ring of protection from fire
MPRegen 0.12/turn

%: no passive effects
@: mildly poisoned (17 -> 15), hasted, very quick
A: spit acid, AC +6, unfitting armour, cold-blooded, acid resistance
a: Breathe Acid


You were on level 4 of the Dungeon.
You visited 1 branch of the dungeon, and saw 5 of its levels.

You collected 257 gold pieces.

Inventory:

Hand Weapons
 s - a +3 dagger (weapon)
Armour
 o - a +1 pair of gloves (worn)
Jewellery
 g - an amulet of faith
 l - a +5 ring of evasion (left hand)
 p - a ring of protection from fire (right hand)
Wands
 k - a wand of paralysis (13)
Scrolls
 i - a scroll of identify
 t - 2 scrolls of teleportation
Potions
 a - a potion of magic
 b - 2 potions of curing
 c - a potion of might
 d - a potion of cancellation
 e - 2 potions of berserk rage
 h - 2 potions of brilliance
 j - a potion of resistance {unknown}
 n - a potion of degeneration {unknown}


   Skills:
 + Level 3.5 Dodging
 + Level 3.7 Stealth
 - Level 2.0 Spellcasting
 + Level 3.4 Conjurations
 * Level 5.7 Air Magic


You had 4 spell levels left.
You knew the following spells:

 Your Spells              Type           Power      Damage    Failure   Level
a - Shock                 Conj/Air       72%        1d7       2%          1
b - Static Discharge      Conj/Air       36%        2-4/arc   4%          2
c - Swiftness             Air            22%        N/A       4%          3

Your spell library contained the following spells:

 Spells                   Type           Power      Damage    Failure   Level
 Magic Dart               Conj           56%        1d5       4%          1
 Searing Ray              Conj           28%        2d5       7%          2
 Airstrike                Air            11%        2d(2-18)  17%         4
 Slow                     Hex            4%         N/A       19%         1
 Dazzling Flash           Conj/Hex       14%        N/A       26%         3
 Confusing Touch          Hex            1%         N/A       47%         3
 Vampiric Draining        Necr           1%         2d6       47%         3
 Volatile Blastmotes      Fire/Tloc      2%         2d10      47%         3
 Fulminant Prism          Conj/Hex       3%         3d5       65%         4
 Iskenderun's Mystic Bla  Conj/Tloc      7%         2d4       65%         4
 Starburst                Conj/Fire      3%         6d3       100%        6


Dungeon Overview and Level Annotations

Branches:
Dungeon (5/15) Zot: 25342
 Temple: D:4-7

Altars:
Makhleb

Shops:
D:1 [[   D:4 [

Annotations:
D:5 2 transporters, frimble's ghost, novice GnRe


Innate Abilities, Weirdness & Mutations

You can spit globs of acid.
Your golden yellow scales are hard. (AC +6)
You cannot fit into any form of body armour.
You are cold-blooded and may be slowed by cold attacks.
You are resistant to acid. (rCorr)


Message History

Okay, then.
i - a scroll of identify It was a potion of haste.
You feel yourself speed up.
You now have 257 gold pieces (gained 15).
Found a stone staircase leading down.
Edmund the Younger comes into view.
He is wielding a +0 dire flail of venom.
The zap hits Edmund.
Edmund is lightly wounded.
Edmund shouts!
The zap misses Edmund.
The zap hits Edmund.
Edmund is lightly wounded.
The zap hits Edmund.
Edmund is lightly wounded.
You can't see any susceptible monsters within range! (Use Z to cast anyway.)
You can't see any susceptible monsters within range! (Use Z to cast anyway.)
You can't see any susceptible monsters within range! (Use Z to cast anyway.)
You can't see any susceptible monsters within range! (Use Z to cast anyway.)
You can't see any susceptible monsters within range! (Use Z to cast anyway.)
You can't see any susceptible monsters within range! (Use Z to cast anyway.)
You can't see any susceptible monsters within range! (Use Z to cast anyway.)
You can't see any susceptible monsters within range! (Use Z to cast anyway.)
You can't see any susceptible monsters within range! (Use Z to cast anyway.)
You can't see any susceptible monsters within range! (Use Z to cast anyway.) Unknown command.
You can't see any susceptible monsters within range! (Use Z to cast anyway.) Edmund is nearby!
The zap hits Edmund.
Edmund is moderately wounded.
The zap misses Edmund.
The zap hits Edmund.
Edmund is moderately wounded.
The zap hits Edmund!
Edmund is heavily wounded.
* * * LOW MAGIC WARNING * * *
The zap hits Edmund.
Edmund is heavily wounded.
* * * LOW MAGIC WARNING * * *
The zap misses Edmund.
* * * LOW MAGIC WARNING * * *
Edmund hits you with a +0 dire flail of venom!
The zap hits Edmund.
Edmund is severely wounded.
* * * LOW MAGIC WARNING * * *
You are out of magic!
You are out of magic!
You are out of magic!
You are out of magic!
You are out of magic!
You hit Edmund.
Edmund is severely wounded.
Edmund hits you with a +0 dire flail of venom.
You are poisoned.
You hit Edmund but do no damage.
Edmund is severely wounded.
You feel sick. Edmund barely misses you.
You hit Edmund.
Edmund is severely wounded.
You feel sick.
Edmund hits you with a +0 dire flail of venom!
* * * LOW HITPOINT WARNING * * *
You are lethally poisoned!
You feel better.
Save game and exit?
Level annotation: Edmund Lua error: /dgldir/rcfiles/crawl-git/hwolsky.rc:430: '' expected near 'end' Welcome back, hwolsky the Draconian Air Elementalist.
Press ? for a list of commands and other information.
You are too injured to fight recklessly!
Cast which spell? (? or * to list)
You don't know that spell.
Cast which spell? (? or * to list)
Aiming: Shock (safe; 3% risk of failure)
Press: ? - help, Shift-Dir - straight line The zap hits Edmund.
Edmund is severely wounded.
The zap hits Edmund.
Edmund is almost dead.
* * * LOW MAGIC WARNING * * *
Edmund hits you with a +0 dire flail of venom.
* * * LOW HITPOINT WARNING * * *
You are poisoned.
You closely miss Edmund.
Edmund is almost dead.
You feel sick. Edmund misses you.
You barely miss Edmund. You tail-slap Edmund, but do no damage.
Edmund is almost dead.
You feel sick.
You hit Edmund.
Edmund is almost dead.
You feel sick. Edmund closely misses you.
You hit Edmund.
You kill Edmund!
You feel sick.
You have reached level 7!
Your scales start taking on a golden yellow colour.
You can spit globs of acid.
You feel resistant to acid.
Okay, then.
Are you sure you want to abandon this character and quit the game? (Confirm with "yes".)

#.#.....#.###.#.##....##
#..........##.#.###.....
##.........##>#......###
#............####...#
##.....##.#### #...#
####...###.# #...#
#.......##.# #...#
...#.....##.#######...###
.. #...#@##.#.........<..
......#)##..............
..#.#...####.....<......
...#.##..# #######...###
## .. ...# #...# # #
....# #...### ##.##
###...#.. #. #........
#####.#...###


There were no monsters in sight!

Vanquished Creatures
  Eustachio (D:4)
  Edmund (D:4)
  2 scorpions (D:4)
  A jelly (D:3)
  An orc priest (D:4)
  An iguana (D:4)
  A sleepcap (D:2)
  4 adders
  A worm (D:3)
  5 orcs
  4 ball pythons
  6 endoplasms
  3 giant cockroaches
  4 goblins
  7 hobgoblins
  5 jackals
  9 kobolds
  4 quokkas (D:2)
  8 bats
  4 frilled lizards
  3 rats
75 creatures vanquished.

Notes
Turn   | Place    | Note
-------+----------+-------------------------------------------
     0 | D:1      | hwolsky the Draconian Air Elementalist began the quest for
                  | the Orb.
     0 | D:1      | Reached XP level 1. HP: 14/14 MP: 3/3
    53 | D:1      | Found Evvutz's Armour Shop.
   123 | D:1      | Entered explore mode.
   123 | D:1      | Slain by a goblin
                  | ... wielding a +0 club
                  | (3 damage)
   136 | D:1      | Found Inyuloly's Armour Boutique.
   254 | D:1      | Reached XP level 2. HP: 20/20 MP: 3/5
  1410 | D:2      | Reached XP level 3. HP: 26/26 MP: 4/6
  1654 | D:2      | Reached XP level 4. HP: 26/33 MP: 0/7
  2537 | D:3      | Reached skill level 4 in Air Magic
  3217 | D:4      | Noticed a scorpion
  3220 | D:5      | Entered Level 5 of the Dungeon
  3228 | D:4      | HP: 1/33 [scorpion (4)]
  3229 | D:4      | Slain by a scorpion (3 damage)
  3242 | D:4      | Killed a scorpion
  3243 | D:4      | Reached XP level 5. HP: 34/38 MP: 8/8
  3670 | D:5      | Found a transporter.
  3671 | D:5      | Found a transporter.
  3672 | D:5      | Noticed frimble's ghost (novice GnRe)
  3742 | D:4      | Found Leuttuju's Antique Armour Shoppe.
  3897 | D:4      | Found a burning altar of Makhleb.
  3966 | D:4      | Reached XP level 6. HP: 36/45 MP: 2/9
  4209 | D:4      | Reached skill level 5 in Air Magic
  4213 | D:4      | Learned a level 2 spell: Static Discharge
  4217 | D:4      | Learned a level 3 spell: Swiftness
  4398 | D:4      | Noticed Eustachio
  4459 | D:4      | Killed Eustachio
  4644 | D:4      | Noticed Edmund
  4663 | D:4      | Killed Edmund
  4664 | D:4      | Your scales start taking on a golden yellow colour.
  4664 | D:4      | Reached XP level 7. HP: 17/50 MP: 0/10
  4664 | D:4      | Gained mutation: You are resistant to acid. (rCorr) [Yellow
                  | Draconian growth]
  4664 | D:4      | Quit the game

Illustrated notes

Levels and vault maps discovered:
D:1:      dpeg_arrival_long_road, layout_basic, serial_shops,
          nicolae_shop_just_a_little_nook, shop
D:2:      layout_basic, minmay_misc_feat_tiny
D:3:      layout_loops_ring
D:4:      layout_loops_cross, old_standard_altar, serial_shops,
          nicolae_shop_tiny_statue_garden, uniq_edmund, uniq_eustachio
D:5:      layout_rooms, gammafunk_ghost_hive

Skill      XL: |  1  2  3  4  5  6 |
---------------+-------------------+-----
Stealth        | 2 3 |  3.7
Dodging        | 2 3 |  3.5
Conjurations   | 2 3 |  3.4
Air Magic      | 4 5 |  5.7
Spellcasting   | |  2.0

Action                     |  1- 3 |  4- 6 |  7- 9 || total
---------------------------+-------+-------+-------++-------
  Melee: Unarmed           |    76 |       |       ||    76
         Tailslap          |    11 |    13 |       ||    24
         Dagger            |    14 |   128 |       ||   142
         Punch             |       |     1 |       ||     1
   Cast: Shock             |    56 |    93 |       ||   149
    Use: Scroll            |     3 |     6 |       ||     9
         Potion            |       |     2 |       ||     2
 Armour: Skin              |    50 |    77 |       ||   127
  Dodge: Dodged            |    95 |   193 |       ||   288

Table legend: (Time is in decaauts)
 A = Elapsed time spent in this place.
 B = Non-inter-level travel time spent in this place.
 C = Inter-level travel time spent in this place.
 D = Time resting spent in this place.
 E = Time spent auto-exploring this place.
 F = Levels seen in this place.
 G = Mean time per level.
                   A        B        C        D        E       F      G
               +--------+--------+--------+--------+--------+-----+--------+
         Total |   4657 |   4465 |    192 |    200 |   3467 |   5 |  931.4 |
       Dungeon |   4657 |   4465 |    192 |    200 |   3467 |   5 |  931.4 |
               +--------+--------+--------+--------+--------+-----+--------+

Top non-repeatable levels by time:
     D:2: 1639 daAuts
     D:3: 1132 daAuts
     D:4: 960 daAuts
     D:1: 851 daAuts
     D:5: 73 daAuts
